 Dungeon Crawl Stone Soup version 0.30-a0-137-gd8773701ce (webtiles) character file.

Game seed: 13769080882324076495

18 bande the Trooper (level 2, -1/27 HPs)
             Began as a Hill Orc Fighter on Sept 21, 2022.
             Slain by Terence
             ... wielding a +0 flail
              (3 damage)
             ... on level 1 of the Dungeon.
             The game lasted 00:00:48 (707 turns).

bande the Trooper (Hill Orc Fighter)                 Turns: 707, Time: 00:00:49

Health: -1/27      AC:  6    Str: 18    XL:     2   Next: 70%
Magic:  2/2        EV:  9    Int:  8    God:
Gold:   46         SH:  4    Dex: 10    Spells: 1/1 levels left

rFire   . . .      SeeInvis .    a - +0 war axe
rCold   . . .      Faith    .    c - +0 buckler
rNeg    . . .      Spirit   .    b - +0 scale mail
rPois   .          Reflect  .    (no helmet)
rElec   .          Harm     .    (no cloak)
rCorr   .          Rampage  .    (no gloves)
Will    .....                    (no boots)
Stlth   ..........               (no amulet)
HPRegen 0.09/turn                (no ring)
MPRegen 0.08/turn                (no ring)

@: no status effects
A: no striking features
a: no special abilities


You were on level 1 of the Dungeon.
You visited 1 branch of the dungeon, and saw 2 of its levels.

You collected 46 gold pieces.

Inventory:

Hand Weapons
 a - a +0 war axe (weapon)
Armour
 b - a +0 scale mail (worn)
 c - a +0 buckler (worn)
Jewellery
 g - an amulet of the acrobat
Scrolls
 f - 2 scrolls of identify {unknown}
Potions
 d - a potion of might
 e - 3 potions of cancellation {unknown}
 h - a potion of degeneration {unknown}
 i - a potion of ambrosia {unknown}
 j - a potion of berserk rage {unknown}


   Skills:
 + Level 3.9 Fighting
 + Level 3.0 Axes
 + Level 3.6 Armour
 + Level 3.6 Shields


You had one spell level left.
You didn't know any spells.
Your spell library was empty.

Dungeon Overview and Level Annotations

Branches:
Dungeon (2/15)

Altars:
Beogh

Annotations:
D:1 Terence


Message History

You slash the goblin!
You kill the goblin!
Your Axes skill increases to level 3!
No target in view!
No target in view!
No target in view!
No target in view!
No target in view!
You see here a +0 falchion of freezing.
Found a short sword.
Things that are here:
a +0 dagger; a goblin corpse Done exploring.
Done exploring.
There is a stone staircase leading down here.
You climb downwards.
The jackal barks!
There is a stone staircase leading up here.
Terence barely misses you.
You climb upwards.
There is a stone staircase leading down here.
You closely miss Terence. Terence hits you with a +0 flail.
You closely miss Terence. You block Terence's attack.
You closely miss Terence. Terence barely misses you.
Terence hits you with a +0 flail!
You barely miss Terence. Terence barely misses you.
You closely miss Terence. Terence barely misses you.
Terence hits you with a +0 flail.
You are too injured to fight recklessly!
You are too injured to fight recklessly!
You are too injured to fight recklessly!
You are too injured to fight recklessly!
You slash Terence!
Terence is moderately wounded.
Terence hits you with a +0 flail!
* * * LOW HITPOINT WARNING * * *
You hit Terence but do no damage.
Terence is moderately wounded.
Terence hits you with a +0 flail.
You die...

.#........# #[...# #.#
...#####..# ###.># #.#
.......#..# #..# #.#
######.#..### #..# #.#
######......# ##..######.#
............###..........#
##.###............#####..#
.#####......####..# #..#
..##........# #@.# #..########
...#..#.###.####@.# #..........
......#.# #.......# #...#######
......#.###......######...# #
.....⌠##...#####..........#####
# ......##.### #..............#
# .........# ########...###.# #
...#...#.# #...###.###
..###..#.# #...##...##


You could see Terence.

Vanquished Creatures
  4 bats (D:1)
  An endoplasm (D:1)
  A giant cockroach (D:1)
  4 goblins (D:1)
  2 hobgoblins (D:1)
  A quokka (D:1)
  3 rats (D:1)
16 creatures vanquished.

Notes
Turn   | Place    | Note
-------+----------+-------------------------------------------
     0 | D:1      | bande the Hill Orc Fighter began the quest for the Orb.
     0 | D:1      | Reached XP level 1. HP: 19/19 MP: 1/1
    10 | D:1      | Found a roughly hewn altar of Beogh.
   147 | D:1      | Reached XP level 2. HP: 22/27 MP: 2/2
   289 | D:1      | Found a faded altar of an unknown god.
   698 | D:2      | Noticed Terence
   707 | D:1      | Slain by Terence

Illustrated notes

Levels and vault maps discovered:
D:1:      scummos_arrival_simple_fountains, layout_loops_ring,
          hellmonk_ecumenical_altar_defaced_shrine, corexii_leaking_fountain,
          item_on_display_a
D:2:      layout_basic, serial_shops, shop, uniq_terence

Skill      XL: |  1  2 |
---------------+-------+-----
Axes           | 3 |  3.0
Fighting       | |  3.9
Armour         | |  3.6
Shields        | |  3.6

Action                   || total
-------------------------++-------
Melee: War axe           ||    46
Armor: Scale mail        ||    25
Dodge: Dodged            ||    34
Block: Buckler           ||     9

Table legend: (Time is in decaauts)
 A = Elapsed time spent in this place.
 B = Non-inter-level travel time spent in this place.
 C = Inter-level travel time spent in this place.
 D = Time resting spent in this place.
 E = Time spent auto-exploring this place.
 F = Levels seen in this place.
 G = Mean time per level.
                   A        B        C        D        E       F      G
               +--------+--------+--------+--------+--------+-----+--------+
         Total |    725 |    704 |     21 |      0 |    585 |   2 |  362.5 |
       Dungeon |    725 |    704 |     21 |      0 |    585 |   2 |  362.5 |
               +--------+--------+--------+--------+--------+-----+--------+

Top non-repeatable levels by time:
     D:1: 724 daAuts
     D:2: 1 daAuts
